 Dungeon Crawl Stone Soup version 0.28-a0-1199-gef9e1dbd39 (webtiles) character file.

Game seed: 102205247033798728

228 sanka the Slasher (level 5, -5/43 HPs)
             Began as a Palentonga Fighter on Dec 19, 2021.
             Killed by nerve-wracking pain
             ... invoked by Grinder
              (14 damage)
             ... on level 2 of the Dungeon.
             The game lasted 00:03:59 (3667 turns).

sanka the Slasher (Palentonga Fighter)              Turns: 3667, Time: 00:03:59

Health: -5/43      AC:  6    Str: 22    XL:     5   Next: 70%
Magic:  5/5        EV:  7    Int:  8    God:
Gold:   143        SH:  4    Dex:  9    Spells: 4/4 levels left

rFire   . . .      SeeInvis +   a - +0 long sword
rCold   . . .      Faith    .   c - +0 buckler
rNeg    . . .      Spirit   .   b - +0 scale mail
rPois   .          Reflect  .   (no helmet)
rElec   .          Harm     .   (no cloak)
rCorr   .          Rampage  .   (no gloves)
Will    .....                   (no barding)
Stlth   ..........              (no amulet)
HPRegen 0.14/turn               (no ring)
MPRegen 0.09/turn               (no ring)

@: mighty
A: large, rugged brown scales 3, see invisible, deformed body, roll 1, armoured
tail
a: Rolling Charge


You were on level 2 of the Dungeon.
You visited 1 branch of the dungeon, and saw 3 of its levels.

You collected 143 gold pieces.


Innate Abilities, Weirdness & Mutations

You are completely covered in rugged brown scales. (AC +3, +7% HP)
You have supernaturally acute eyesight. (SInv)
Armour fits poorly on your strangely shaped body.
You can roll at nearby foes to attack.
You have a long armoured tail.


   Skills:
 - Level 3.0 Fighting
 + Level 6.1 Long Blades
 - Level 2.4 Armour
 - Level 2.4 Shields


You had 4 spell levels left.
You didn't know any spells.
Your spell library contained the following spells:

 Spells                   Type           Power      Damage    Failure   Level
 Pain                     Necr           0%         1d4       75%         1
 Agony                    Necr           0%         N/A       100%        5
 Excruciating Wounds      Necr           0%         N/A       100%        5

Inventory:

Hand Weapons
 a - a +0 long sword (weapon)
Armour
 b - a +0 scale mail (worn)
 c - a +0 buckler (worn)
 p - a +0 cloak
Magical Staves
 k - a staff of poison
 l - a staff of death
Scrolls
 f - a scroll of magic mapping {unknown}
 i - a scroll of brand weapon {unknown}
 o - a scroll of noise {unknown}
 q - a scroll of silence {unknown}
 r - 2 scrolls of identify {unknown}
Potions
 e - a potion of lignification {unknown}
 g - a potion of degeneration {unknown}
 h - a potion of invisibility {unknown}
 j - a potion of cancellation {unknown}
 m - a potion of resistance {unknown}
 n - a potion of curing {unknown}

Dungeon Overview and Level Annotations

Branches:
Dungeon (3/15)

Altars:

Shops:
D:2 (   D:3 [

Annotations:
D:2 Grinder

........▒
▒...................▒
▒▒▒▒▒▒▒▒▒
▒...................▒ .▒
▒▒▒▒▒▒▒▒▒.................▒
.▒
▒..........▒'▒▒▒..........▒
.▒ ▒..........▒.▒
▒..........▒ .▒
▒..........▒.▒ ▒▒▒▒▒▒▒▒▒▒▒▒
.▒ ▒............▒▒▒▒▒ .▒
▒...........[5...▒ .▒
▒...........H....▒ .▒
▒▒▒▒▒▒▒▒▒........▒ .▒
▒........▒ .▒ ▒........▒ ▒▒
▒........▒ ▒......[.▒
▒........▒ ▒........▒
▒▒▒▒▒▒▒▒▒▒


You could see Grinder (strong).


Message History

Grinder seems to grow stronger.
You can move again.
Grinder closely misses you.
You climb upwards.
There is a stone staircase leading down here.
Things that are here:
a +0 scale mail; a +0 club Unknown command.
You closely miss Grinder. Grinder hits you.
You closely miss Grinder.
Grinder grins, showing sharp teeth.
Grinder gestures at you.
You suddenly lose the ability to move!
Grinder hits you.
You writhe in agony.
Grinder hits you but does no damage. Grinder hits you.
You writhe in agony.
Grinder hits you but does no damage. Grinder hits you!
* * * LOW HITPOINT WARNING * * *
You writhe in agony.
* * * LOW HITPOINT WARNING * * *
You can move again.
Unknown command.
You feel very mighty all of a sudden. Grinder gestures at you.
Pain shoots through your body!
You die...

Action                   |  1- 3 |  4- 6 || total
-------------------------+-------+-------++-------
Melee: Long sword        |    80 |   152 ||   232
       Tailslap          |     5 |    13 ||    18
 Abil: Rolling Charge    |     6 |     6 ||    12
  Use: Potion            |       |     1 ||     1
Armor: Scale mail        |    64 |    66 ||   130
Dodge: Dodged            |    28 |    60 ||    88
Block: Buckler           |    17 |    17 ||    34

Levels and vault maps discovered:
D:1:      grunt_arrival_crossed_arrows, layout_basic,
          hellmonk_ecumenical_altar_dog_temple
D:2:      minmay_door_path, layout_basic, serial_shops,
          nicolae_shop_advertising_works [nicolae_subvault_shop_adworks],
          kennysheep_generic_room_9
D:3:      layout_rooms, serial_shops, nicolae_shop_crystal,
          serial_bayou_lagoon_a, grunt_decor_fettered, st_stairs_1, uniq_grinder

Notes
Turn   | Place    | Note
-------+----------+-------------------------------------------
     0 | D:1      | sanka the Palentonga Fighter began the quest for the Orb.
     0 | D:1      | Reached XP level 1. HP: 19/19 MP: 1/1
    12 | D:1      | Found a faded altar of an unknown god.
   289 | D:1      | Reached XP level 2. HP: 18/25 MP: 2/2
   552 | D:1      | Reached skill level 3 in Long Blades
  1202 | D:2      | Reached XP level 3. HP: 31/31 MP: 3/3
  1436 | D:1      | Reached skill level 4 in Long Blades
  1551 | D:2      | Reached XP level 4. HP: 33/37 MP: 4/4
  1586 | D:2      | Found Apuyggu's Antique Weapon Shoppe.
  2059 | D:2      | Reached skill level 5 in Long Blades
  2555 | D:2      | Reached XP level 5. HP: 18/43 MP: 5/5
  3512 | D:3      | Reached skill level 6 in Long Blades
  3612 | D:3      | Found Huid's Antique Armour Shop.
  3617 | D:3      | Noticed Grinder
  3651 | D:3      | Paralysed by Grinder for 7 turns
  3661 | D:2      | Paralysed by Grinder for 6 turns
  3667 | D:2      | Killed from afar by Grinder

Vanquished Creatures
  An orc priest (D:3)
  An orc wizard (D:2)
  4 gnolls
  6 adders
  A worm (D:2)
  2 dart slugs
  An orc (D:2)
  3 ball pythons
  4 endoplasms
  5 giant cockroaches
  7 goblins
  8 hobgoblins
  7 jackals
  6 kobolds
  4 quokkas
  7 bats
  A frilled lizard (D:1)
  4 rats
72 creatures vanquished.

Vanquished Creatures (others)
  8 plants (D:3)
8 creatures vanquished.

Grand Total: 80 creatures vanquished
